 Dungeon Crawl Stone Soup version 0.25-a0-707-g603da076d2 (webtiles) character file.

Game seed: 5389475290812204151, levelgen mode: deterministic

25764 Flugslaktarn the Cleaver (level 12, -25/112 HPs)
             Began as a Deep Dwarf Fighter on Apr 4, 2020.
             Was a High Priest of Makhleb.
             Annihilated by Rupert
             ... wielding a +4 vorpal great mace
              (42 damage)
             ... on level 4 of the Lair of Beasts.
             The game lasted 00:07:52 (9492 turns).

Flugslaktarn the Cleaver (Deep Dwarf Fighter)       Turns: 9492, Time: 00:07:52

Health: -25/112    AC: 21    Str: 25    XL:     12   Next: 92%
Magic:  8/8        EV:  4    Int:  7    God:    Makhleb [*****.]
Gold:   809        SH: 22    Dex: 12    Spells: 11/11 levels left

rFire    . . .     SeeInvis .   C - +0 war axe (elec)
rCold    . . .     Gourm    +   f - +0 tower shield
rNeg     . . .     Faith    .   B - +0 plate armour
rPois    +         Spirit   .   (no helmet)
rElec    .         Reflect  .   h - +2 cloak
rCorr    .         Harm     .   (no gloves)
MR       +....     Clarity  +   L - +2 pair of boots
Stlth    ..........             I - amulet of the gourmand
HPRegen  0.00/turn              o - ring of poison resistance
MPRegen  0.11/turn              (no ring)

@: non-regenerating
A: damage resistance, heal wounds, large bone plates 1, clarity, dopey 1, sense
surroundings 2, wild magic 1, no regeneration
a: Heal Wounds, Minor Destruction, Lesser Servant of Makhleb, Major Destruction,
Greater Servant of Makhleb, Renounce Religion


You were on level 4 of the Lair of Beasts.
You worshipped Makhleb.
Makhleb was extremely pleased with you.
You were very full.

You visited 2 branches of the dungeon, and saw 15 of its levels.
You also visited: Ossuary.

You collected 874 gold pieces.
You spent 65 gold pieces at shops.

Inventory:

Hand Weapons
 a - a +3 war axe
   (You took it off a wight on level 8 of the Dungeon)
 C - a +0 war axe of electrocution (weapon)
   (You found it on level 7 of the Dungeon)
 H - a +0 broad axe
   (You found it on level 1 of the Lair of Beasts)
Armour
 c - a +0 kite shield
 f - a +0 tower shield (worn)
   (You found it on level 8 of the Dungeon)
 h - a +2 cloak (worn)
   (You took it off Crazy Yiuf on level 6 of the Dungeon)
 B - a +0 plate armour (worn)
   (You took it off an orc warrior on level 8 of the Dungeon)
 L - a +2 pair of boots (worn)
   (You found it on level 3 of the Lair of Beasts)
Jewellery
 o - a ring of poison resistance (left hand)
   (You found it on level 8 of the Dungeon)
 I - an amulet of the gourmand (around neck)
   (You found it on level 2 of the Lair of Beasts)
Wands
 y - a wand of iceblast (20)
   (You found it on level 8 of the Dungeon)
 A - a wand of enslavement (9)
   (You found it on level 10 of the Dungeon)
Scrolls
 g - a scroll of enchant armour
 m - 3 scrolls of fog
 n - 6 scrolls of teleportation
 t - 2 scrolls of enchant weapon
 u - a scroll of fear
 x - 3 scrolls of remove curse
 z - a scroll of blinking
Potions
 b - a potion of haste {unknown}
 d - 2 potions of might
 i - a potion of lignification
 j - 2 potions of berserk rage
 k - 4 potions of brilliance
 l - 2 potions of stabbing
 q - 4 potions of curing
 s - 2 potions of mutation
 w - 2 potions of heal wounds
 K - 2 potions of ambrosia
Comestibles
 e - 19 rations


   Skills:
 + Level 8.9 Fighting
 * Level 13.9 Axes
 + Level 10.6 Armour
 + Level 10.5 Shields
 + Level 10.7 Invocations


You had 11 spell levels left.
You didn't know any spells.
Your spell library was empty.

Dungeon Overview and Level Annotations

Branches:
Dungeon (11/15)            Temple (0/1) D:6            Lair (4/6) D:11
 Shoals (0/4) Lair:2        Snake (0/4) Lair:4      Ossuary (visited)
    Orc: D:9-12

Altars:
Ashenzari
Cheibriados
Dithmenos
Gozag
Makhleb
Okawaru
Qazlal
Sif Muna
Zin

Shops:
D:4 ?   D:6 (

Annotations:
D:4 1 runed translucent door, grmr's ghost, amateur GnCK
D:7 2 runed translucent doors, Rotter5's ghost, novice DrCj
Lair:4 Rupert


Innate Abilities, Weirdness & Mutations

You are resistant to damage.
You can heal yourself by infusing magical energy.
You passively map the area around you.
You do not regenerate.
You are partially covered in large bone plates. (SH +4)
You possess an exceptional clarity of mind.
You are dopey. (Int -2)
Your spells are a little harder to cast, but a little more powerful.


Message History

You are too injured to fight recklessly!
There are monsters nearby!
There are monsters nearby!
You are too injured to fight recklessly!
You are too injured to fight recklessly!
You are too injured to fight recklessly!
You are too injured to fight recklessly!
You are too injured to fight recklessly!
There are monsters nearby!
You are too injured to fight recklessly!
You are too injured to fight recklessly!
Your magical essence is drained by the effort!
You feel much better. You block the blink frog's attack.
Rupert hits you with a +4 vorpal great mace!!
* * * LOW HITPOINT WARNING * * *
x2 You block the water moccasin's attack.
The blink frog hits you!
* * * LOW HITPOINT WARNING * * *
You block the water moccasin's attack.
The blink frog blinks!
Rupert hits you with a +4 vorpal great mace!!!
You die...

,,
......##....... *
, , ,
..............#.
* , ,
,................
,
................
, , ,
...........F....
* , ,,
.............. ,
, * *#.†F......#.
** *
##.SF...§.... , *
* * #..@@<.......
* , ##...........
, , ,,
##.......... ,
,,, , , ,*
#.....^.?.., ,, *
* **#.....[....,
, * *
§.....#F...* , ,
,, ............ ,
> ,,..#.....##.#.
, * , , ** , ,,,,
, , *


You could see Rupert (berserk), 4 blink frogs and a water moccasin.

Vanquished Creatures
  Gastronok (D:10)
  A hydra (D:11)
  An ogre mage (D:10)
  2 two-headed ogres
  A death knight (D:10)
  2 unseen horrors
  Pikel (D:6)
  A manticore (D:11)
  Joseph (D:9)
  5 elephants (Lair:3)
  Maggie (D:6)
  A troll (D:9)
  A hornet (D:9)
  Prince Ribbit (D:8)
  A slime creature (D:10)
  13 blink frogs
  5 hippogriffs
  2 wyverns
  A hungry ghost (D:9)
  4 hogs (D:7)
  A human (D:7)
  A basilisk (Lair:2)
  13 yaks
  An acid dragon (D:11)
  4 porcupines
  2 ice beasts
  2 water moccasins
  4 orc warriors
  4 sky beasts
  A black bear (D:10)
  A phantom (D:5)
  10 wolves (Lair:1)
  5 centaurs
  6 ogres
  3 crocodiles
  10 bullfrogs
  An elf zombie (Ossuary)
  A gnoll sergeant (D:10)
  5 scorpions
  A water moccasin skeleton (D:8)
  19 killer bees
  9 wights
  3 crimson imps
  A bullfrog zombie (D:10)
  A centaur zombie (Ossuary)
  3 hounds
  Crazy Yiuf (D:6)
  2 human zombies (Ossuary)
  A jelly (D:10)
  2 orc priests
  5 iguanas
  9 orc wizards
  A bullfrog skeleton (D:10)
  3 centaur skeletons
  11 worker ants
  2 big kobold zombies (Ossuary)
  A hound zombie (D:10)
  3 mummies
  A hound skeleton (D:4)
  A howler monkey zombie (D:11)
  3 gnolls
  12 adders
  3 shadow imps
  An ooze (D:4)
  3 adder skeletons
  A worm (D:5)
  2 dart slugs
  5 leopard geckos
  40 orcs
  A ball python (D:2)
  A bat (D:2)
  4 giant cockroaches
  7 goblins
  8 hobgoblins (D:8)
  7 jackals
  10 kobolds
  3 quokkas
  3 frilled lizards
  4 gnoll zombies (Ossuary)
  3 goblin zombies (Ossuary)
  An orc zombie (Ossuary)
  2 rats
  6 plants
331 creatures vanquished.

Vanquished Creatures (collateral kills)
  2 hydras (Lair:2)
  An unseen horror (D:11)
  A merfolk siren (Lair:2)
  5 yaks
  A water moccasin (Lair:2)
10 creatures vanquished.

Vanquished Creatures (others)
  A fungus (Lair:2)
1 creature vanquished.

Grand Total: 342 creatures vanquished

Notes
Turn   | Place    | Note
-------+----------+-------------------------------------------
     0 | D:1      | Flugslaktarn the Deep Dwarf Fighter began the quest for the
                  | Orb.
     0 | D:1      | Reached XP level 1. HP: 20/20 MP: 1/1
    82 | D:1      | Reached XP level 2. HP: 27/27 MP: 2/2
   212 | D:3      | Reached skill level 3 in Axes
   212 | D:3      | Reached XP level 3. HP: 22/34 MP: 3/3
   329 | D:4      | Noticed grmr's ghost (amateur GnCK)
   332 | D:4      | Found a runed translucent door.
   558 | D:4      | Found a burning altar of Makhleb.
   724 | D:5      | Entered Level 5 of the Dungeon
   724 | D:5      | Noticed an ogre
   732 | D:5      | Killed an ogre
   732 | D:5      | Reached XP level 4. HP: 20/42 MP: 2/2
   743 | D:5      | Noticed a phantom
   747 | D:5      | Noticed a hippogriff
   752 | D:5      | Killed a hippogriff
   752 | D:5      | Reached skill level 4 in Axes
   752 | D:5      | Reached XP level 5. HP: 22/50 MP: 3/3
   752 | D:5      | Reached XP level 6. HP: 25/57 MP: 4/4
   772 | D:5      | Reached skill level 5 in Axes
   800 | D:5      | Found a shattered altar of Ashenzari.
   839 | D:5      | Reached XP level 7. HP: 52/64 MP: 4/4
   893 | D:5      | Reached skill level 5 in Armour
   894 | D:5      | Reached skill level 5 in Shields
  1009 | D:5      | Reached skill level 6 in Axes
  1041 | D:4      | Became a worshipper of Makhleb the Destroyer
  1444 | D:4      | Found Xil Lipi's Magic Scroll Boutique.
  1450 | D:4      | Bought a scroll of teleportation for 39 gold pieces
  1450 | D:4      | Bought a scroll of fog for 26 gold pieces
  1861 | D:5      | Found an opulent altar of Gozag.
  1964 | D:5      | Found an iron altar of Okawaru.
  2106 | D:6      | Reached skill level 1 in Invocations
  2124 | D:6      | Found a runed translucent door.
  2125 | D:6      | Noticed Crazy Yiuf
  2135 | D:6      | Killed Crazy Yiuf
  2389 | D:6      | Noticed Maggie
  2408 | D:6      | Killed Maggie
  2408 | D:6      | Reached skill level 7 in Axes
  2408 | D:6      | Reached XP level 8. HP: 57/73 MP: 6/6
  2746 | D:6      | Found Jihaeh's Weapon Boutique.
  2746 | D:6      | Noticed Pikel
  2763 | D:6      | Killed Pikel
  2763 | D:6      | Reached skill level 5 in Fighting
  2837 | D:6      | Found a staircase to the Ecumenical Temple.
  2879 | D:6      | Found a shimmering blue altar of Sif Muna.
  3165 | D:7      | Reached skill level 8 in Axes
  3229 | D:7      | Found a stormy altar of Qazlal.
  3283 | D:7      | Gained mutation: You passively map the area around you.
                  | [Deep Dwarf growth]
  3283 | D:7      | Reached XP level 9. HP: 52/81 MP: 8/8
  3387 | D:7      | Found a sand-covered staircase.
  3399 | Ossuary  | Entered an ossuary
  3466 | Ossuary  | Reached * piety under Makhleb
  3681 | D:7      | Found a large runed translucent door.
  3684 | D:7      | Found a large runed translucent door.
  3686 | D:7      | Noticed Rotter5's ghost (novice DrCj)
  3786 | D:7      | You fall into a shaft and drop 3 floors!
  3786 | D:10     | Entered Level 10 of the Dungeon
  3801 | D:10     | Noticed a two-headed ogre
  3823 | D:10     | Killed a two-headed ogre
  3823 | D:10     | Reached skill level 9 in Axes
  3823 | D:10     | Reached skill level 5 in Invocations
  4009 | D:10     | Noticed a death knight
  4044 | D:9      | Paralysed by a hornet for 2 turns
  4070 | D:9      | Reached XP level 10. HP: 43/91 MP: 7/7
  4174 | D:9      | Reached ** piety under Makhleb
  4219 | D:9      | Killed an unseen horror
  4219 | D:9      | Reached skill level 10 in Axes
  4591 | D:9      | Noticed Joseph
  4623 | D:9      | Killed Joseph
  4757 | D:9      | Noticed a two-headed ogre
  4765 | D:9      | Killed a two-headed ogre
  4999 | D:8      | Noticed Prince Ribbit
  5071 | D:8      | Killed Prince Ribbit
  5110 | D:8      | Reached skill level 11 in Axes
  5123 | D:8      | Found a snail-covered altar of Cheibriados.
  5328 | D:8      | Reached *** piety under Makhleb
  5574 | D:8      | Found a shadowy altar of Dithmenos.
  5953 | D:8      | Reached XP level 11. HP: 100/100 MP: 8/8
  6160 | D:10     | Killed a death knight
  6285 | D:9      | Found a shadowy altar of Dithmenos.
  6509 | D:10     | Gained mutation: You are dopey. (Int -2) [potion of
                  | mutation]
  6509 | D:10     | Gained mutation: Your spells are a little harder to cast,
                  | but a little more powerful. [potion of mutation]
  6509 | D:10     | Gained mutation: You are partially covered in large bone
                  | plates. (SH +4) [potion of mutation]
  6509 | D:10     | Gained mutation: You possess an exceptional clarity of
                  | mind. [potion of mutation]
  6523 | D:10     | Noticed an ogre mage
  6532 | D:10     | Killed an ogre mage
  6618 | D:10     | Noticed Gastronok
  6636 | D:10     | Killed Gastronok
  6636 | D:10     | Reached **** piety under Makhleb
  6636 | D:10     | Reached skill level 12 in Axes
  7235 | D:11     | Found a staircase to the Lair.
  7253 | D:11     | Noticed a seven-headed hydra
  7267 | D:11     | Killed an 11-headed hydra
  7273 | D:11     | Reached XP level 12. HP: 104/110 MP: 8/8
  7636 | Lair:1   | Entered Level 1 of the Lair of Beasts
  7710 | Lair:1   | Reached ***** piety under Makhleb
  7710 | Lair:1   | Reached skill level 13 in Axes
  7723 | Lair:1   | Reached skill level 10 in Armour
  7846 | Lair:2   | Reached skill level 10 in Shields
  7853 | Lair:2   | Reached skill level 10 in Invocations
  8076 | Lair:2   | Noticed a seven-headed hydra
  8088 | Lair:2   | Killed an eight-headed hydra
  8188 | Lair:2   | Found a staircase to the Shoals.
  8188 | Lair:2   | Noticed a five-headed hydra
  8194 | Lair:2   | Killed an eight-headed hydra
  9039 | Lair:3   | Found a glowing silver altar of Zin.
  9479 | Lair:4   | Noticed Rupert
  9492 | Lair:4   | Annihilated by Rupert

Levels and vault maps discovered:
D:1:      dpeg_chamrin_arrival_tetris, layout_basic
D:2:      layout_rooms
D:3:      layout_basic, elyvilon_altar_4, lemuel_doored_altar, first_ration,
          uniq_robin, uniq_sigmund, uniq_jessica
D:4:      layout_layer_cave, nicolae_overflow_hidden_temple, serial_shops,
          shop_statue, hellmonk_ghost_happy_afterlife, minmay_between
D:5:      layout_basic, grunt_gozag_statues, kennysheep_mini,
          nicolae_overflow_crystal_walls
D:6:      layout_basic, tgw_sif, minmay_temple_entry_gardened_gates,
          serial_shops, shop, minmay_increasing_density,
          uniq_crazy_yiuf_cottage, uniq_pikel, uniq_maggie
D:7:      layout_basic, nicolae_qazlal_general_emergency,
          ebering_ghost_disaster_area, gup_ossuary_entry_pyramid,
          grunt_livestock
D:8:      corexii_shantytown, layout_basic, marbit_many_paths, basic_altar,
          grunt_decor_arrowhead, uniq_prince_ribbit1
D:9:      layout_loops_corners, basic_altar, uniq_joseph
D:10:     layout_irregular_city, minmay_pinched_square, uniq_gastronok
D:11:     layout_long_grid, dpeg_oklobed_lair
Lair:1:   layout_long_grid, grunt_megastairs_4
Lair:2:   layout_regular_city, minmay_shoals_entry_lonely_mermaid
Lair:3:   layout_regular_city, basic_altar
Lair:4:   layout_gridlike, minmay_snake_entry_six_corridors, uniq_josephine,
          uniq_rupert

Skill      XL: |  1  2  3  4  5  6  7  8  9 10 11 12 |
---------------+-------------------------------------+-----
Fighting       | 3 4 5 6 7 8 |  8.9
Axes           | 3 4 5 7 8 9 11 12 13 | 13.9
Armour         | 4 5 6 7 8 9 10 | 10.6
Shields        | 4 5 6 7 8 9 10 | 10.5
Invocations    | 2 4 5 7 9 10 | 10.7

Action                   |  1- 3 |  4- 6 |  7- 9 | 10-12 || total
-------------------------+-------+-------+-------+-------++-------
Melee: War axe           |    67 |    38 |   393 |   802 ||  1300
Invok: Lesser Servant of |       |       |       |     5 ||     5
 Abil: Heal Wounds       |     2 |     3 |    12 |    14 ||    31
  Use: Scroll            |       |       |     7 |    15 ||    22
       Potion            |       |       |       |     1 ||     1
 Stab: Distracted        |       |       |       |     1 ||     1
  Eat: Chunk             |       |       |    12 |    39 ||    51
       Ration            |       |       |     1 |     1 ||     2
Armor: Scale mail        |    33 |    20 |    44 |       ||    97
       Chain mail        |       |       |   240 |    96 ||   336
       Plate armour      |       |       |       |   356 ||   356
Dodge: Dodged            |    19 |    11 |   140 |   123 ||   293
Block: Kite shield       |    31 |    19 |   275 |   175 ||   500
       Tower shield      |       |       |       |   573 ||   573

Table legend:
 A = Non-vault XP
 B = Vault XP
 C = Vault XP percentage of total XP
 D = Non-vault monster count
 E = Vault monster count
 F = Vault count percentage of total count
                 A         B        C        D         E       F
            +---------+---------+-------+---------+---------+-------
      Total |   26940 |    9866 |  26.8 |     248 |      87 |  26.0
            +---------+---------+-------+---------+---------+-------
        D:1 |      12 |       0 |   0.0 |       6 |       0 |   0.0
        D:2 |      13 |       0 |   0.0 |       6 |       0 |   0.0
        D:3 |      29 |       0 |   0.0 |       7 |       0 |   0.0
        D:4 |      44 |       0 |   0.0 |       5 |       0 |   0.0
        D:5 |    1068 |       0 |   0.0 |      25 |       0 |   0.0
        D:6 |     296 |    1100 |  78.8 |       7 |       7 |  50.0
        D:7 |     619 |     976 |  61.2 |      14 |       6 |  30.0
        D:8 |    1320 |     368 |  21.8 |      28 |      31 |  52.5
        D:9 |    3807 |     666 |  14.9 |      35 |       2 |   5.4
       D:10 |    2846 |    4798 |  62.8 |      29 |      15 |  34.1
       D:11 |    5588 |       0 |   0.0 |      38 |       0 |   0.0
     Lair:1 |    1470 |    1408 |  48.9 |       9 |       9 |  50.0
     Lair:2 |    4357 |     237 |   5.2 |      16 |       1 |   5.9
     Lair:3 |    5207 |       0 |   0.0 |      22 |       0 |   0.0
     Lair:4 |     264 |       0 |   0.0 |       1 |       0 |   0.0
    Ossuary |       0 |     313 | 100.0 |       0 |      16 | 100.0
            +---------+---------+-------+---------+---------+-------
